 Dungeon Crawl Stone Soup version 0.24.0-37-gcf1ca852f1 (webtiles) character file.

Game seed: 17844572099689860512, levelgen mode: deterministic

5168 FishyPogo the Magician (level 10, -1/74 HPs)
             Began as a Gnoll Earth Elementalist on Dec 7, 2019.
             Was an Elder of Okawaru.
             Slain by Harold
             ... wielding a +0 trident
              (15 damage)
             ... on level 9 of the Dungeon.
             The game lasted 00:36:19 (7698 turns).

FishyPogo the Magician (Gnoll Earth Elementalist)   Turns: 7698, Time: 00:36:20

Health: -1/74      AC:  5    Str: 12    XL:     10   Next: 59%
Magic:  0/21       EV: 17    Int: 20    God:    Okawaru [****..]
Gold:   445        SH:  6    Dex: 17    Spells: 5/23 levels left

rFire    . . .     SeeInvis .   p - +7 flail of Scorn {speed, *Noise +Inv MR+ Int+2 Stlth+}
rCold    . . .     Gourm    .   f - +0 buckler
rNeg     . . .     Faith    .   c - +0 robe
rPois    .         Spirit   .   (helmet restricted)
rElec    .         Reflect  .   (no cloak)
rCorr    .         Harm     .   (no gloves)
MR       +....                  a - +0 pair of boots
Stlth    ++++++....             (no amulet)
HPRegen  0.22/turn              w - ring of stealth
MPRegen  0.17/turn              (no ring)

@: marked
A: distributed training, fangs 1, horns 1, slimy green scales 1, strong nose
a: Heroism, Renounce Religion, Evoke Invisibility


You were on level 9 of the Dungeon.
You worshipped Okawaru.
Okawaru was greatly pleased with you.
You were hungry.

You visited 2 branches of the dungeon, and saw 10 of its levels.

You collected 445 gold pieces.

Inventory:

Hand Weapons
 g - a +1 spear
 p - the +7 flail of Scorn (weapon) {speed, *Noise +Inv MR+ Int+2 Stlth+}
   (You found it on level 5 of the Dungeon)

   Attacks with this weapon are significantly faster.
   It affects your intelligence (+2).
   It affects your resistance to hostile enchantments.
   It lets you turn invisible.
   It may make noises in combat.
   It makes you more stealthy.
Missiles
 b - 361 stones
 j - 7 javelins
 n - 26 poisoned darts
 x - 2 throwing nets
 A - 3 boomerangs (quivered)
Armour
 a - a +0 pair of boots (worn)
 c - a +0 robe (worn)
 f - a +0 buckler (worn)
 t - the +1 leather armour of Koop Tod {rF+ Dex+4, unknown}
   (You found it on level 8 of the Dungeon)

   It affects your dexterity (+4).
   It protects you from fire.
 y - a +0 helmet
Jewellery
 w - a ring of stealth (left hand)
Wands
 q - a wand of disintegration (17)
 z - a wand of random effects (24)
 C - a wand of flame (33)
Scrolls
 i - a scroll of blinking {unknown}
 m - 3 scrolls of remove curse
 o - 2 scrolls of noise {unknown}
 r - 3 scrolls of teleportation
 s - 5 scrolls of identify
 u - 2 scrolls of enchant weapon
 v - 4 scrolls of amnesia {unknown}
Potions
 e - 2 potions of might
 k - 3 potions of magic {unknown}
 l - 2 potions of brilliance {unknown}
 B - a potion of lignification {unknown}
 D - 2 potions of flight {unknown}
Comestibles
 d - 20 rations


   Skills:
 + Level 5.3 Fighting
 + Level 5.3 Short Blades
 + Level 5.3 Long Blades
 + Level 5.3 Axes
 + Level 5.3 Maces & Flails
 + Level 5.3 Polearms
 + Level 5.3 Staves
 + Level 5.3 Slings
 + Level 5.3 Bows
 + Level 5.3 Crossbows
 + Level 5.3 Throwing
 + Level 5.3 Armour
 + Level 7.1 Dodging
 + Level 6.8 Stealth
 + Level 5.3 Shields
 + Level 5.3 Unarmed Combat
 + Level 7.4 Spellcasting
 + Level 4.4 Conjurations
 + Level 4.4 Hexes
 + Level 4.4 Charms
 + Level 4.4 Summonings
 + Level 4.4 Necromancy
 + Level 4.4 Translocations
 + Level 4.9 Transmutations
 + Level 4.4 Fire Magic
 + Level 4.4 Ice Magic
 + Level 4.4 Air Magic
 + Level 7.1 Earth Magic
 + Level 4.4 Poison Magic
 + Level 5.8 Invocations
 + Level 5.3 Evocations


You had 5 spell levels left.
You knew the following spells:

 Your Spells              Type           Power        Failure   Level  Hunger
a - Sandblast             Erth           #####.       1%          1    None
b - Stone Arrow           Conj/Erth      ####..       2%          3    #......
k - Lee's Rapid Deconstr  Erth           #####.....   14%         5    #####..
n - Passwall              Tmut/Erth      ####....     1%          2    None
p - Petrify               Tmut/Erth      ####....     8%          4    ###....
u - Spider Form           Tmut/Pois      ####......   4%          3    #......

Your spell library contained the following spells:

 Spells                   Type           Power        Failure   Level  Hunger
 Beastly Appendage        Tmut           ####..       1%          1    None
 Sticks to Snakes         Tmut           ####....     1%          2    None
 Ice Form                 Ice/Tmut       ####....     13%         4    ###....
 Blade Hands              Tmut           ####......   32%         5    #####..


Dungeon Overview and Level Annotations

Branches:
Dungeon (9/15)             Temple (1/1) D:7
   Lair: D:8-11         Orc: D:9-12

Altars:
Ashenzari
Cheibriados
Dithmenos
Elyvilon
Fedhas
Gozag
Hepliaklqana
Kikubaaqudgha
Makhleb
Nemelex Xobeh
Okawaru
Qazlal
Ru
Sif Muna
Trog
Uskayaw
Vehumet
Wu Jian
Xom
Yredelemnul
Zin
The Shining One

Annotations:
D:9 Harold


Innate Abilities, Weirdness & Mutations

Your experience applies equally to all skills.
You have very sharp teeth.
Your uncanny sense of smell can sniff out nearby items.
You have a pair of small horns on your head.
You are partially covered in slimy green scales. (AC +2)


Message History

Aiming: Sandblast (safe; 1% risk of failure)
Press: ? - help, Shift-Dir - straight line, f/p - Harold
Aim: Harold, wielding a +0 trident and wearing a +3 ring mail of positive energy (almost dead)
The blast of sand hits Harold but does no damage.
Harold is almost dead.
b - 362 stones Harold hits you with a +0 trident!
* * * LOW HITPOINT WARNING * * *
Casting: Sandblast (safe; 1% risk of failure)
Confirm with . or Enter, or press ? or * to list all spells.
Aiming: Sandblast (safe; 1% risk of failure)
Press: ? - help, Shift-Dir - straight line, f/p - Harold
Aim: Harold, wielding a +0 trident and wearing a +3 ring mail of positive energy (almost dead)
The blast of sand hits Harold.
Harold is almost dead.
b - 361 stones You hit Harold but do no damage.
Your headbutt misses Harold.
Harold is almost dead.
Harold hits you with a +0 trident!
You die...

..# #.# ##.# ∆ ∆
###..# ###....#
######...##.#
######......#.##.#
.....#.#..#.#.##.#
.### #..@@(.#.#.##.###
.....#...#..#.#.##...#
....##..#....#.####.#
.........###.# #.#
.#####....(####.# #.#
.......<......#.####.#
........#..##.#......#
..........>....#######
..........##.#.#


You could see Harold.

Vanquished Creatures
  Pikel (D:4)
  An ugly thing (D:7)
  Prince Ribbit (D:7)
  3 hippogriffs
  A steam dragon (D:7)
  A water moccasin (D:8)
  4 slaves (D:4)
  A necrophage (D:7)
  An ice beast (D:8)
  A sky beast (D:6)
  2 phantoms
  10 ogres
  4 centaurs
  7 bullfrogs
  A gnoll sergeant (D:9)
  A scorpion (D:4)
  5 wights (D:7)
  2 howler monkeys
  2 crimson imps (D:6)
  3 bullfrog zombies
  A centaur zombie (D:7)
  4 hounds
  A bullfrog skeleton (D:8)
  2 jellies (D:8)
  6 orc wizards
  Jessica (D:3)
  4 worker ants
  Ijyb (D:3)
  A killer bee zombie (D:7)
  A hound skeleton (D:4)
  11 adders
  A shadow imp (D:8)
  3 oozes
  An adder zombie (D:7)
  An adder skeleton (D:5)
  2 worms
  3 dart slugs
  3 leopard geckos (D:5)
  17 orcs
  A giant cockroach (D:3)
  6 hobgoblins
  10 jackals
  7 kobolds
  8 quokkas
  2 ball pythons
  9 bats
  6 frilled lizards
  4 goblins
  6 rats
175 creatures vanquished.

Notes
Turn   | Place    | Note
-------+----------+-------------------------------------------
     0 | D:1      | FishyPogo the Gnoll Earth Elementalist began the quest for
                  | the Orb.
     0 | D:1      | Reached XP level 1. HP: 13/13 MP: 6/6
   458 | D:1      | Reached XP level 2. HP: 19/19 MP: 7/7
   462 | D:1      | Learned a level 2 spell: Passwall
   912 | D:1      | Reached XP level 3. HP: 17/25 MP: 9/9
   950 | D:1      | Learned a level 3 spell: Stone Arrow
  1000 | D:1      | Found a sacrificial altar of Ru.
  1062 | D:2      | Reached skill level 5 in Spellcasting
  1328 | D:2      | Reached skill level 1 in Invocations
  1520 | D:2      | Reached skill level 1 in Fighting
  1520 | D:2      | Reached skill level 1 in Short Blades
  1520 | D:2      | Reached skill level 1 in Long Blades
  1520 | D:2      | Reached skill level 1 in Axes
  1520 | D:2      | Reached skill level 1 in Maces & Flails
  1520 | D:2      | Reached skill level 1 in Polearms
  1520 | D:2      | Reached skill level 1 in Staves
  1520 | D:2      | Reached skill level 1 in Slings
  1520 | D:2      | Reached skill level 1 in Bows
  1520 | D:2      | Reached skill level 1 in Crossbows
  1520 | D:2      | Reached skill level 1 in Throwing
  1520 | D:2      | Reached skill level 1 in Armour
  1520 | D:2      | Reached skill level 1 in Shields
  1520 | D:2      | Reached skill level 1 in Unarmed Combat
  1520 | D:2      | Reached skill level 1 in Evocations
  1520 | D:2      | Reached XP level 4. HP: 18/32 MP: 3/11
  1661 | D:2      | Learned a level 4 spell: Petrify
  1814 | D:3      | Noticed Ijyb
  1935 | D:3      | Reached skill level 1 in Conjurations
  1935 | D:3      | Reached skill level 1 in Hexes
  1935 | D:3      | Reached skill level 1 in Charms
  1935 | D:3      | Reached skill level 1 in Summonings
  1935 | D:3      | Reached skill level 1 in Necromancy
  1935 | D:3      | Reached skill level 1 in Translocations
  1935 | D:3      | Reached skill level 1 in Fire Magic
  1935 | D:3      | Reached skill level 1 in Ice Magic
  1935 | D:3      | Reached skill level 1 in Air Magic
  1935 | D:3      | Reached skill level 1 in Poison Magic
  2075 | D:3      | Noticed Jessica
  2079 | D:3      | Killed Jessica
  2079 | D:3      | Reached XP level 5. HP: 37/37 MP: 3/12
  2175 | D:3      | Found a shattered altar of Ashenzari.
  2299 | D:3      | Killed Ijyb
  2774 | D:4      | Noticed an ogre
  2792 | D:3      | Reached XP level 6. HP: 27/44 MP: 7/13
  2917 | D:4      | Reached skill level 5 in Dodging
  3231 | D:4      | Noticed a phantom
  3267 | D:5      | Entered Level 5 of the Dungeon
  3336 | D:6      | Learned a level 3 spell: Spider Form
  3366 | D:6      | Noticed a sky beast
  3446 | D:5      | Reached XP level 7. HP: 26/50 MP: 15/15
  3656 | D:5      | Got a crystal flail
  3657 | D:5      | Identified the +7 flail of Scorn {speed, *Noise +Inv MR+
                  | Int+2 Stlth+} (You found it on level 5 of the Dungeon)
  3918 | D:5      | Reached skill level 5 in Stealth
  4149 | D:6      | Reached XP level 8. HP: 57/57 MP: 16/16
  4573 | D:7      | Noticed a hippogriff
  4581 | D:7      | Killed a hippogriff
  4611 | D:7      | Noticed a red ugly thing
  4657 | D:7      | Found a staircase to the Ecumenical Temple.
  4669 | Temple   | Entered the Ecumenical Temple
  4994 | Temple   | Became a worshipper of Warmaster Okawaru
  5024 | Temple   | Learned a level 5 spell: Lee's Rapid Deconstruction
  5133 | D:7      | Reached XP level 9. HP: 58/65 MP: 10/18
  5208 | D:7      | Killed a red ugly thing
  5208 | D:7      | Reached * piety under Okawaru
  5492 | D:7      | Noticed Prince Ribbit
  5503 | D:7      | Killed Prince Ribbit
  5596 | D:7      | Reached ** piety under Okawaru
  6276 | D:4      | Noticed Pikel
  6280 | D:4      | Reached skill level 5 in Invocations
  6328 | D:4      | Gained mutation: You have a pair of small horns on your
                  | head. [potion of mutation]
  6328 | D:4      | Gained mutation: You are partially covered in slimy green
                  | scales. (AC +2) [potion of mutation]
  6366 | D:4      | Killed Pikel
  6366 | D:4      | Reached XP level 10. HP: 23/73 MP: 2/20
  6581 | D:4      | Reached *** piety under Okawaru
  6883 | D:8      | Got a spiked leather armour
  6916 | D:8      | Reached skill level 5 in Fighting
  6916 | D:8      | Reached skill level 5 in Short Blades
  6916 | D:8      | Reached skill level 5 in Long Blades
  6916 | D:8      | Reached skill level 5 in Axes
  6916 | D:8      | Reached skill level 5 in Maces & Flails
  6916 | D:8      | Reached skill level 5 in Polearms
  6916 | D:8      | Reached skill level 5 in Staves
  6916 | D:8      | Reached skill level 5 in Slings
  6916 | D:8      | Reached skill level 5 in Bows
  6916 | D:8      | Reached skill level 5 in Crossbows
  6916 | D:8      | Reached skill level 5 in Throwing
  6916 | D:8      | Reached skill level 5 in Armour
  6916 | D:8      | Reached skill level 5 in Shields
  6916 | D:8      | Reached skill level 5 in Unarmed Combat
  6916 | D:8      | Reached skill level 5 in Evocations
  7430 | D:8      | Reached **** piety under Okawaru
  7686 | D:9      | Noticed Harold
  7698 | D:9      | Slain by Harold

Levels and vault maps discovered:
D:1:      sevenhm_arrival_forest_fort_small_6, layout_basic
D:2:      cheibrodos_old_hovel, layout_basic
D:3:      layout_basic, lemuel_coloured_pillars_altar, uniq_jessica, uniq_ijyb
D:4:      cheibrodos_helix_gallery, layout_cave_pools, first_ration,
          minivault_23, uniq_pikel
D:5:      layout_basic, serial_curves, eino_curves_01, eino_curves_01,
          grunt_ministairs_1
D:6:      layout_basic, minmay_a_box_with_orc_wizards_in_it
D:7:      layout_basic, minmay_temple_entry_statues_pillars, uniq_prince_ribbit1
D:8:      layout_cave_pools, grunt_ogre_cave, minmay_starry_boxes
D:9:      kennysheep_spiral_hall, layout_basic, uniq_harold
Temple:   roderic_octagonal_lattice_temple

Skill      XL: |  1  2  3  4  5  6  7  8  9 10 |
---------------+-------------------------------+-----
Transmutations | 2 3 4 |  4.9
Spellcasting   | 5 6 7 |  7.4
Invocations    | 1 2 3 4 5 |  5.8
Fighting       | 1 2 3 4 5 |  5.3
Short Blades   | 1 2 3 4 5 |  5.3
Long Blades    | 1 2 3 4 5 |  5.3
Axes           | 1 2 3 4 5 |  5.3
Maces & Flails | 1 2 3 4 5 |  5.3
Polearms       | 1 2 3 4 5 |  5.3
Staves         | 1 2 3 4 5 |  5.3
Slings         | 1 2 3 4 5 |  5.3
Bows           | 1 2 3 4 5 |  5.3
Crossbows      | 1 2 3 4 5 |  5.3
Throwing       | 1 2 3 4 5 |  5.3
Armour         | 1 2 3 4 5 |  5.3
Shields        | 1 2 3 4 5 |  5.3
Unarmed Combat | 1 2 3 4 5 |  5.3
Evocations     | 1 2 3 4 5 |  5.3
Conjurations   | 1 2 3 4 |  4.4
Hexes          | 1 2 3 4 |  4.4
Charms         | 1 2 3 4 |  4.4
Summonings     | 1 2 3 4 |  4.4
Necromancy     | 1 2 3 4 |  4.4
Translocations | 1 2 3 4 |  4.4
Fire Magic     | 1 2 3 4 |  4.4
Ice Magic      | 1 2 3 4 |  4.4
Air Magic      | 1 2 3 4 |  4.4
Poison Magic   | 1 2 3 4 |  4.4
Dodging        | 5 6 7 |  7.1
Stealth        | 5 6 |  6.8
Earth Magic    | 6 7 |  7.1

Action                   |  1- 3 |  4- 6 |  7- 9 | 10-12 || total
-------------------------+-------+-------+-------+-------++-------
Melee: Unarmed           |    14 |       |       |    13 ||    27
       Spear             |    69 |   149 |    18 |       ||   236
       Bite              |     7 |    13 |    20 |    10 ||    50
       Flail             |       |       |   177 |    99 ||   276
       Headbutt          |       |       |     6 |    19 ||    25
Throw: Dart              |       |       |     2 |       ||     2
       Boomerang         |       |       |       |     2 ||     2
 Cast: Sandblast         |     3 |     1 |     3 |     5 ||    12
       Stone Arrow       |    10 |    26 |    37 |    25 ||    98
       Petrify           |       |     2 |     4 |     2 ||     8
       Lee's Rapid Decon |       |       |     1 |     2 ||     3
       Spider Form       |       |       |       |     1 ||     1
 Abil: Evoke Invisibilit |       |       |       |     1 ||     1
Evoke: Wand              |       |       |       |     1 ||     1
  Use: Scroll            |     4 |     3 |       |       ||     7
       Potion            |       |       |     1 |     2 ||     3
 Stab: Sleeping          |     6 |     6 |     8 |       ||    20
       Petrified         |       |    13 |    20 |     1 ||    34
       Distracted        |       |     2 |       |       ||     2
       Invisible         |       |       |       |     1 ||     1
       Petrifying        |       |       |       |     1 ||     1
  Eat: Chunk             |     2 |     9 |    10 |     6 ||    27
Armor: Robe              |     8 |    19 |    19 |     2 ||    48
Dodge: Dodged            |    43 |   145 |   131 |   100 ||   419
Block: Buckler           |       |       |    24 |    15 ||    39
